[Event "Titled Tuesday Blitz August 09 Early 2022"]
[White "Kuznetsova, Olga"]
[Black "Malka, Samuel"]
[WhiteFideId "4191323"]
[BlackFideId "20643675"]
[WhiteElo "2134"]
[BlackElo "2509"]
[Result "1-0"]
[Round "03"]
[TimeControl "180+1"]
[Date "2022.08.09"]
[WhiteClock "0:00:22"]
[BlackClock "0:00:11"]

1. d4 Nf6 2. g3 d5 3. Bg2 Bf5 4. Nf3 Nc6 5. O-O Nb4 6. Na3 e6 7. c3 Nc6 8. Nc2 h6 9. Ne5 Nxe5 10. dxe5 Nd7 11. f4 Nc5 12. Nd4 Be4 13. Bh3 Be7 14. Be3 O-O 15. Qd2 Bh7 16. Rac1 Ne4 17. Qe1 c5 18. Nf3 Qc7 19. Nd2 Rad8 20. Nxe4 Bxe4 21. Bg2 Bxg2 22. Kxg2 Qc6 23. Kg1 Qa4 24. a3 Qe4 25. Qf2 d4 26. cxd4 cxd4 27. Bd2 b6 28. Qf3 Qg6 29. Qd3 Qh5 30. Kg2 Rd7 31. h3 Rfd8 32. g4 Qg6 33. Rc6 Qxd3 34. exd3 Bc5 35. b4 Bf8 36. Rfc1 g6 37. Kf3 Kg7 38. Ke4 Be7 39. Rc7 h5 40. a4 hxg4 41. hxg4 Bh4 42. a5 Bf2 43. a6 Be3 44. Rxd7 Rxd7 45. Bxe3 dxe3 46. Kxe3 Kf8 47. Ke4 Ke7 48. d4 Kd8 49. b5 Rd5 50. Rb1 Kd7 51. f5 gxf5+ 52. gxf5 Ke7 53. Rc1 Rd7 54. Rc8 exf5+ 55. Kxf5 Rxd4 56. Rc7+ Rd7 57. Rb7 Kd8 58. Kf6 Rxb7 59. axb7 Kc7 60. Kxf7 Kxb7 61. e6 a5 62. bxa6+ Kxa6 63. e7 1-0


[Site "https://www.chess.com"]

[Event "Titled Tuesday Blitz August 09 Early 2022"]
[White "Lagno, Kateryna"]
[Black "Gheorghiu, Calin"]
[WhiteFideId "14109336"]
[BlackFideId "1200305"]
[WhiteElo "2522"]
[BlackElo "2168"]
[Result "1-0"]
[Round "03"]
[TimeControl "180+1"]
[Date "2022.08.09"]
[WhiteClock "0:01:48"]
[BlackClock "0:00:02"]

1. e4 c5 2. Nf3 d6 3. d4 cxd4 4. Nxd4 Nf6 5. Nc3 a6 6. Be3 e5 7. Nf3 Be7 8. Nd2 b5 9. a4 b4 10. Nd5 Nxd5 11. exd5 O-O 12. Nc4 Nd7 13. a5 Bb7 14. Ra4 f5 15. Rxb4 Qc7 16. Nb6 Rab8 17. Nxd7 Qxd7 18. Be2 f4 19. Bg4 Qe8 20. Be6+ Kh8 21. Ba7 Qg6 22. Qg4 Qxc2 23. O-O f3 24. gxf3 Rf6 25. Qe4 Rg6+ 26. Kh1 Qc7 27. Rc4 Qd8 28. Bxb8 Qxb8 29. Rfc1 Qa8 30. Rc8+ Bxc8 31. Rxc8+ 1-0


[Site "https://www.chess.com"]

[Event "Titled Tuesday Blitz August 09 Early 2022"]
[White "Lakshmi C"]
[Black "Vazquez Espino, Uriel"]
[WhiteFideId "25035347"]
[BlackFideId "5119138"]
[WhiteElo "1775"]
[BlackElo "2397"]
[Result "1-0"]
[Round "03"]
[TimeControl "180+1"]
[Date "2022.08.09"]
[WhiteClock "0:00:22"]
[BlackClock "0:00:15"]

1. e4 c5 2. Nf3 e6 3. d4 cxd4 4. Nxd4 Nc6 5. Nc3 Qc7 6. a3 Nf6 7. Be2 a6 8. Nxc6 bxc6 9. Be3 d5 10. exd5 cxd5 11. O-O Be7 12. Na4 Rb8 13. b4 O-O 14. c4 dxc4 15. Rc1 Nd5 16. Bc5 Bxc5 17. Nxc5 a5 18. Rxc4 axb4 19. Nxe6 Qe5 20. Nxf8 Nc3 21. Rxc3 bxc3 22. Bc4 Bf5 23. Nd7 c2 24. Nxe5 cxd1=Q 25. Rxd1 g6 26. Nxf7 Kg7 27. Nd6 Bd7 28. h3 Ba4 29. Rd4 Rb1+ 30. Kh2 Rc1 31. Be6 Kf6 32. Ne4+ Ke5 33. Rxa4 Kxe6 34. Ng5+ Kf5 35. Nf3 h6 36. Kg3 Rc3 37. Ra5+ Kf6 38. a4 Ra3 39. Ra6+ Kf5 40. a5 g5 41. Ra8 h5 42. Kh2 g4 43. hxg4+ hxg4 44. Nh4+ Kg5 45. g3 Ra2 46. Kg2 Ra3 47. a6 Kf6 48. a7 Kg7 49. Nf5+ Kf6 50. Nd6 Kg7 51. Nb5 Ra5 52. Rb8 Rxa7 53. Nxa7 Kf6 54. Rb5 Ke6 55. f3 Kd7 56. fxg4 Kc7 57. g5 Kd7 58. Rf5 Ke7 59. Rf4 Ke6 60. g6 Ke7 61. g7 Kd7 62. g8=Q Kc7 63. Qg6 Kb7 64. Rf7+ Ka8 65. Qg8# 1-0


[Site "https://www.chess.com"]

[Event "Titled Tuesday Blitz August 09 Early 2022"]
[White "Large, Peter G"]
[Black "Al-Tarboush, Ward"]
[WhiteFideId "400866"]
[BlackFideId "7601450"]
[WhiteElo "2064"]
[BlackElo "2234"]
[Result "0-1"]
[Round "03"]
[TimeControl "180+1"]
[Date "2022.08.09"]
[WhiteClock "0:00:06"]
[BlackClock "0:01:56"]

1. Nf3 d5 2. b3 Nf6 3. Bb2 Bf5 4. g3 e6 5. Bg2 Bd6 6. d3 h6 7. Nbd2 O-O 8. O-O Nbd7 9. a3 e5 10. c4 d4 11. b4 c5 12. Nh4 Bh7 13. Bxb7 Rb8 14. Bg2 cxb4 15. axb4 Rxb4 16. Ba3 Rb6 17. Bxd6 Rxd6 18. Rxa7 Nc5 19. Ra3 Qb6 20. Qa1 g5 21. Nhf3 e4 22. dxe4 Ncxe4 23. Nxe4 Nxe4 24. Ra8 Nc3 25. Re1 Re6 26. Rxf8+ Kxf8 27. e3 dxe3 28. fxe3 Rxe3 29. Rxe3 Qxe3+ 30. Kh1 Be4 31. Ng1 Bxg2+ 32. Kxg2 Qe4+ 33. Kf2 Qc2+ 34. Kf3 Qe4+ 35. Kf2 Qd4+ 36. Kg2 Qd2+ 37. Kh3 f5 38. Qa8+ Kg7 39. Qb7+ Kg6 40. Nf3 g4+ 41. Kh4 gxf3 42. Qc6+ Kf7 43. Qc7+ Ke6 44. Qc8+ Ke5 45. Qe8+ Kd4 46. Qd7+ Ke3 47. Qxf5 Qxh2+ 0-1


[Site "https://www.chess.com"]

[Event "Titled Tuesday Blitz August 09 Early 2022"]
[White "Lebedev, Artem S."]
[Black "Miszler, Levente"]
[WhiteFideId "34272747"]
[BlackFideId "763276"]
[WhiteElo "1699"]
[BlackElo "1966"]
[Result "1-0"]
[Round "03"]
[TimeControl "180+1"]
[Date "2022.08.09"]
[WhiteClock "0:00:08"]
[BlackClock "0:00:10"]

1. e4 e6 2. d4 d5 3. Nc3 Nf6 4. e5 Nfd7 5. f4 c5 6. Nf3 Nc6 7. Be3 Qb6 8. a3 cxd4 9. Nxd4 Bc5 10. Na4 Qa5+ 11. c3 Bxd4 12. Bxd4 Nxd4 13. Qxd4 O-O 14. Bd3 f6 15. O-O b5 16. Nc5 Qb6 17. Nxd7 Bxd7 18. Rae1 Qc7 19. exf6 Rxf6 20. Re5 Raf8 21. g3 a5 22. Rfe1 Qb8 23. f5 Qd6 24. Bc2 Kh8 25. fxe6 Bxe6 26. Bb3 a4 27. Bxd5 Bxd5 28. Rxd5 Qc6 29. Rd8 h6 30. Rxf8+ Rxf8 31. Rf1 Rxf1+ 32. Kxf1 Qh1+ 33. Qg1 Qf3+ 34. Qf2 Qd1+ 35. Kg2 Qd3 36. h4 Kh7 37. Kh2 Qe4 38. Qd2 Qc4 39. Kg2 Kh8 40. Qd8+ Kh7 41. Qd2 Kh8 42. Kh3 Kh7 43. Qf2 Kh8 44. Qf8+ Kh7 45. Qf5+ Kh8 46. Qf2 Kh7 47. Kh2 Kh8 48. Qc2 Qb3 49. Qxb3 axb3 50. Kg2 g5 51. Kf3 Kg7 52. hxg5 hxg5 53. g4 Kf6 54. Ke4 Ke6 55. Kd4 Kd6 56. c4 bxc4 57. Kxc4 Ke5 58. a4 Kf4 59. a5 Kxg4 60. a6 Kf3 61. a7 g4 62. a8=Q+ 1-0


[Site "https://www.chess.com"]

[Event "Titled Tuesday Blitz August 09 Early 2022"]
[White "Lehtosaari, Mauri"]
[Black "Thiel, Thomas"]
[WhiteFideId "501999"]
[BlackFideId "4615964"]
[WhiteElo "2520"]
[BlackElo "2240"]
[Result "0-1"]
[Round "03"]
[TimeControl "180+1"]
[Date "2022.08.09"]
[WhiteClock "0:00:02"]
[BlackClock "0:00:24"]

1. d4 Nf6 2. Nf3 g6 3. Bg5 Ne4 4. Bf4 c5 5. Nbd2 Nxd2 6. Qxd2 Bg7 7. c3 cxd4 8. cxd4 d6 9. h4 h5 10. e3 Nc6 11. Bc4 Qb6 12. O-O e5 13. dxe5 dxe5 14. Bxf7+ Kxf7 15. Ng5+ Ke7 16. Qd5 Rf8 17. Rad1 Qc7 18. Qc5+ Ke8 19. Rd6 Bf5 20. Rfd1 exf4 21. exf4 Qe7 22. Kf1 Rd8 23. Re1 Rxd6 24. Qxd6 Be5 25. Rxe5 Nxe5 26. Qb8+ Qd8 27. Qxe5+ Kd7 28. Qc5 Qb6 29. Qxf8 Qxb2 30. Kg1 Qa1+ 31. Kh2 Qxa2 32. Qg7+ Kc6 33. Qxb7+ Kxb7 0-1


[Site "https://www.chess.com"]

[Event "Titled Tuesday Blitz August 09 Early 2022"]
[White "Leve, Nitai"]
[Black "Vargas, Mauricio"]
[WhiteFideId "2006898"]
[BlackFideId "4404572"]
[WhiteElo "2144"]
[BlackElo "2004"]
[Result "1-0"]
[Round "03"]
[TimeControl "180+1"]
[Date "2022.08.09"]
[WhiteClock "0:00:50"]
[BlackClock "0:00:45"]

1. e4 d5 2. exd5 Qxd5 3. Nc3 Qa5 4. h3 c6 5. d4 h5 6. Bd3 Nf6 7. Nf3 Be6 8. O-O g6 9. Ne5 Bg7 10. Re1 Qc7 11. Nxg6 Ng4 12. hxg4 hxg4 13. Bf4 Qd7 14. Nxh8 Bxh8 15. Ne4 Bxd4 16. c3 Bb6 17. Bc2 Na6 18. Qxd7+ Bxd7 19. Nf6+ Kd8 20. Nxd7 Kxd7 21. Bf5+ e6 22. Rad1+ Ke7 23. Bxg4 Rg8 24. Bf3 Nc7 25. Bd6+ Kd7 26. Bxc7+ Kxc7 27. Rd3 Kc8 28. Red1 Bc7 29. Rd7 f5 30. Bh5 e5 31. Re7 f4 32. Re8+ Rxe8 33. Bxe8 e4 34. Bg6 e3 35. Bf5+ Kb8 36. fxe3 fxe3 37. Kf1 b5 38. Ke2 Bb6 39. g4 a5 40. g5 b4 41. g6 bxc3 42. g7 a4 43. g8=Q+ Kb7 44. Qc8+ Ka7 45. Rd7+ Bc7 46. Qxc7+ Ka6 47. Bd3# 1-0


[Site "https://www.chess.com"]

[Event "Titled Tuesday Blitz August 09 Early 2022"]
[White "Madaminov, Mukhiddin"]
[Black "Pranav Anand"]
[WhiteFideId "14210703"]
[BlackFideId "46626786"]
[WhiteElo "2672"]
[BlackElo "2852"]
[Result "0-1"]
[Round "03"]
[TimeControl "180+1"]
[Date "2022.08.09"]
[WhiteClock "0:00:03"]
[BlackClock "0:00:25"]

1. e4 b6 2. d4 Bb7 3. Nc3 g6 4. Nf3 Bg7 5. Bc4 e6 6. O-O d6 7. Re1 Nd7 8. a4 a6 9. h4 h6 10. h5 g5 11. d5 e5 12. Nh2 Ngf6 13. Nf1 Bc8 14. Qe2 O-O 15. Ng3 Nb8 16. Nd1 Bg4 17. f3 Bxh5 18. Nxh5 Nxh5 19. Ne3 Nf4 20. Qf1 Kh7 21. g3 Ng6 22. Nf5 Ne7 23. Qh3 Nxf5 24. Qxf5+ Kg8 25. Bf1 Qd7 26. Bh3 Qxf5 27. Bxf5 Rd8 28. a5 b5 29. Ra3 c5 30. f4 gxf4 31. gxf4 Nd7 32. Rg3 Kf8 33. Rf1 exf4 34. Bxf4 Ne5 35. Kh2 Bf6 36. Bxh6+ Ke7 37. Kg2 Rh8 38. Bf4 Rag8 39. b3 Rxg3+ 40. Bxg3 Rg8 41. Kh3 Ng6 42. c4 b4 43. Rf2 Ne5 44. Rf1 Nd3 45. Rf3 Ne5 46. Rf1 Rh8+ 47. Kg2 Bg7 48. Bh3 Ng6 49. Bf5 Ne5 50. Bf4 Nd3 51. Bg5+ Bf6 52. Bxf6+ Kxf6 53. Bc8+ Ke7 54. Bxa6 Ra8 55. Bb5 Rxa5 56. Ba4 Nb2 57. Bc6 Nd3 58. Rf3 Ne5 59. Rg3 Ra2+ 60. Kh3 Ra3 61. Ba4 Nxc4 62. Rg8 Ne5 63. Re8+ Kf6 64. Rd8 c4 65. Rxd6+ Ke7 66. Rb6 c3 67. d6+ Kf8 68. Rb8+ Kg7 69. Rc8 Ra2 70. Kg3 Rd2 71. Kf4 Ng6+ 72. Ke3 Rxd6 73. Rc4 Rb6 74. Kd4 Kf6 75. Kc5 Rb8 76. Kd6 Rd8+ 77. Kc7 Rd2 78. Rxb4 c2 79. Rc4 Ne5 80. Rc3 Nd3 81. b4 c1=Q 82. Rxc1 Nxc1 83. Bc6 Nd3 84. b5 Rc2 85. Kd6 Ne5 86. Bd5 Rb2 87. Kc5 Nd3+ 88. Kc4 Ne5+ 89. Kc5 Ke7 90. b6 Nd7+ 91. Kc6 Rxb6+ 92. Kc7 Rd6 93. Bxf7 Rf6 94. Bd5 Rf4 95. Kc6 Ne5+ 96. Kc5 Kf6 97. Kd6 Rf2 98. Kc5 Rd2 99. Kd6 Ng4 100. Kc5 Ke5 101. Kc4 Ne3+ 102. Kc3 Rd1 103. Bc4 Rd6 104. Bd3 Ng4 105. Bb1 Nf6 106. Kc4 Nxe4 107. Bc2 Nd2+ 108. Kc3 Ne4+ 109. Kc4 Rc6+ 110. Kb3 Kd4 111. Bd1 Rb6+ 112. Ka4 Nc3+ 113. Ka5 Rb2 114. Bf3 Kc5 115. Ka6 Rb6+ 116. Ka7 Nb5+ 117. Ka8 Kd6 118. Bb7 Kc7 119. Bc6 Rb8# 0-1


[Site "https://www.chess.com"]

[Event "Titled Tuesday Blitz August 09 Early 2022"]
[White "Makarian, Rudik"]
[Black "Bashirli, Nail"]
[WhiteFideId "44105681"]
[BlackFideId "13406809"]
[WhiteElo "2852"]
[BlackElo "2674"]
[Result "1-0"]
[Round "03"]
[TimeControl "180+1"]
[Date "2022.08.09"]
[WhiteClock "0:00:02"]
[BlackClock "0:00:13"]

1. d4 Nf6 2. Bg5 c5 3. d5 d6 4. Nc3 Nbd7 5. Nf3 g6 6. Qd2 h6 7. Bf4 Bg7 8. a4 a6 9. h3 Rb8 10. e4 g5 11. Be3 O-O 12. Be2 b5 13. axb5 axb5 14. Bxb5 Nxe4 15. Nxe4 Rxb5 16. O-O Rxb2 17. Ng3 Nf6 18. Qd3 Qb6 19. Rfe1 Qb5 20. c4 Qb3 21. Qf1 Bd7 22. Ra7 Rb8 23. Rc1 Rb1 24. Kh2 Rxc1 25. Qxc1 Rb7 26. Ra8+ Rb8 27. Ra7 Qb2 28. Qd1 g4 29. Nh4 Qe5 30. Rxd7 Nxd7 31. Qxg4 Nf6 32. Qf3 Rb4 33. Qe2 Ne4 34. Nf5 Nxg3 35. Nxg3 Rb3 36. Qg4 e6 37. Bxh6 Qf6 38. Bxg7 Qxg7 39. Qf4 Qe5 40. Qh4 exd5 41. cxd5 Rb2 42. Qg4+ Kf8 43. Kg1 Rb1+ 44. Kh2 Rb8 45. h4 Qxd5 46. Nf5 Qe5+ 47. f4 Qf6 48. h5 c4 49. h6 c3 50. h7 Qh8 51. Qh5 c2 52. Qh6+ Ke8 53. Ng7+ Kd7 54. Qh3+ f5 55. Qxf5+ Ke7 56. Qe6+ Kf8 57. Qf6# 1-0


[Site "https://www.chess.com"]

[Event "Titled Tuesday Blitz August 09 Early 2022"]
[White "Maksimovic, Bojan"]
[Black "Khripachenko, Alexander"]
[WhiteFideId "14408120"]
[BlackFideId "54184975"]
[WhiteElo "2447"]
[BlackElo "2233"]
[Result "1-0"]
[Round "03"]
[TimeControl "180+1"]
[Date "2022.08.09"]
[WhiteClock "0:00:20"]
[BlackClock "0:01:40"]

1. e4 c6 2. Nf3 d5 3. d3 Qc7 4. Nc3 dxe4 5. Nxe4 Nf6 6. Be2 Nxe4 7. dxe4 e5 8. c3 Be7 9. O-O O-O 10. a4 a5 11. Qc2 h6 12. Rd1 Be6 13. Nd2 Nd7 14. Bc4 Bxc4 15. Nxc4 Rfd8 16. Be3 Nc5 17. Rxd8+ Rxd8 18. b4 axb4 19. cxb4 Ne6 20. Bb6 Qc8 21. Bxd8 Qxd8 22. Rd1 Nd4 23. Qd3 f6 24. b5 cxb5 25. axb5 Qd7 26. b6 Qc6 27. h3 Kh7 28. Rb1 Bc5 29. Kh2 h5 30. Na5 Qd6 31. Nb3 Bxb6 32. Nxd4 Qxd4 33. Qxd4 Bxd4 34. Kg3 b6 35. f4 exf4+ 36. Kxf4 Kg6 37. Rd1 Bc5 38. Rd5 Bg1 39. h4 Bf2 40. g4 hxg4 41. h5+ Kf7 42. Kxg4 Ke6 43. Kf4 Bc5 44. Rd1 b5 45. Rd5 Bd6+ 46. Kg4 b4 47. Rb5 Be7 48. Rb7 Bf8 49. Kf3 Bd6 50. Rxg7 f5 51. Rg6+ 1-0


[Site "https://www.chess.com"]

[Event "Titled Tuesday Blitz August 09 Early 2022"]
[White "Martin Alvarez, Inigo"]
[Black "Ezov"]
[WhiteFideId "2259354"]
[WhiteElo "2284"]
[BlackElo "2413"]
[Result "1-0"]
[Round "03"]
[TimeControl "180+1"]
[Date "2022.08.09"]
[WhiteClock "0:00:50"]
[BlackClock "0:00:05"]

1. e4 e5 2. Nf3 Nc6 3. Bb5 a6 4. Ba4 Nf6 5. Qe2 b5 6. Bb3 Bc5 7. O-O d6 8. c3 Bg4 9. Rd1 O-O 10. d3 h6 11. Nbd2 Ba7 12. Nf1 Ne7 13. Ng3 Ng6 14. h3 Be6 15. d4 Bxb3 16. axb3 exd4 17. Nxd4 Qc8 18. Nc6 Bb6 19. Nf5 Re8 20. Qf3 Ne5 21. Nxe5 Rxe5 22. Nxh6+ gxh6 23. Qxf6 Re6 24. Qf4 Rg6 25. Rd3 Qe6 26. Be3 c5 27. Rad1 Re8 28. Rxd6 Qxe4 29. Rxg6+ Qxg6 30. Rd6 Re6 31. Rxe6 Qxe6 32. Qxh6 Qxb3 33. Qxb6 Qd1+ 34. Kh2 1-0


[Site "https://www.chess.com"]

[Event "Titled Tuesday Blitz August 09 Early 2022"]
[White "Martin Barcelo, Carles"]
[Black "Zainullina, Nataliya"]
[WhiteFideId "24561444"]
[BlackFideId "4145488"]
[WhiteElo "1922"]
[BlackElo "2069"]
[Result "0-1"]
[Round "03"]
[TimeControl "180+1"]
[Date "2022.08.09"]
[WhiteClock "0:00:04"]
[BlackClock "0:00:02"]

1. d4 Nf6 2. c4 e6 3. Nf3 Bb4+ 4. Bd2 a5 5. g3 b6 6. Bg2 Bb7 7. O-O Bxd2 8. Qxd2 O-O 9. Nc3 Qe7 10. Qc2 d6 11. e4 e5 12. d5 Bc8 13. a3 Na6 14. Rab1 Bd7 15. b4 axb4 16. axb4 Nh5 17. Nd2 f5 18. exf5 Bxf5 19. Nde4 Nf6 20. Qe2 Nxe4 21. Bxe4 Bxe4 22. Nxe4 Nb8 23. Ra1 Nd7 24. Ra2 Nf6 25. Rfa1 Rxa2 26. Rxa2 Nxe4 27. Qxe4 Qg5 28. Rc2 Qh5 29. c5 Qd1+ 30. Kg2 bxc5 31. bxc5 g6 32. h4 Ra8 33. Re2 Ra1 34. Kh2 Kg7 35. h5 gxh5 36. cxd6 cxd6 37. Rb2 Qg1+ 38. Kh3 Qf1+ 39. Kh2 Qg1+ 40. Kh3 Qh1+ 41. Qxh1 Rxh1+ 42. Kg2 Rd1 43. Rb5 Rd4 44. Kh3 h4 45. gxh4 Rf4 46. Kg3 Rd4 47. h5 Kh6 48. Kf3 Kxh5 49. Rb7 Kg6 50. Rb5 Rf4+ 51. Ke3 Rd4 52. f3 h5 53. Ra5 h4 54. Rb5 h3 55. Ra5 h2 56. Ra1 Rxd5 57. Rh1 Ra5 58. Rxh2 Ra3+ 59. Ke4 Kf7 60. Rh6 Ke7 61. Kd5 Ra5+ 62. Ke4 Rc5 63. f4 Rc4+ 64. Kd5 Rd4+ 65. Kc6 Rxf4 66. Re6+ Kxe6 0-1


[Site "https://www.chess.com"]

[Event "Titled Tuesday Blitz August 09 Early 2022"]
[White "Martinez, Shawn"]
[Black "Simonovic, Miroslav"]
[WhiteFideId "2039770"]
[BlackFideId "919152"]
[WhiteElo "2174"]
[BlackElo "2043"]
[Result "1-0"]
[Round "03"]
[TimeControl "180+1"]
[Date "2022.08.09"]
[WhiteClock "0:01:39"]
[BlackClock "0:01:53"]

1. e4 c5 2. Nc3 Nc6 3. Bb5 g6 4. Bxc6 dxc6 5. d3 Bg7 6. f4 e5 7. fxe5 Bxe5 8. Nf3 Bg7 9. O-O Ne7 10. Be3 b6 11. Qd2 O-O 12. Bh6 f5 13. Bxg7 Kxg7 14. Rae1 h6 15. h3 fxe4 16. Nxe4 Bf5 17. Qc3+ Kg8 18. Nf6+ Rxf6 19. Qxf6 Nd5 20. Qxc6 Rc8 21. Qa4 Qc7 22. Re8+ Rxe8 23. Qxe8+ Kg7 24. Qe5+ Qxe5 25. Nxe5 Ne3 26. Rf2 Kf6 27. Ng4+ Nxg4 28. hxg4 1-0


[Site "https://www.chess.com"]

[Event "Titled Tuesday Blitz August 09 Early 2022"]
[White "Mathieu, Phileas"]
[Black "Levitskiy, Andrey"]
[WhiteFideId "36048410"]
[BlackFideId "14132885"]
[WhiteElo "2138"]
[BlackElo "2293"]
[Result "1-0"]
[Round "03"]
[TimeControl "180+1"]
[Date "2022.08.09"]
[WhiteClock "0:00:47"]
[BlackClock "0:00:05"]

1. e4 e6 2. d4 d5 3. Nd2 c5 4. exd5 Qxd5 5. Ngf3 cxd4 6. Bc4 Qd6 7. O-O Nf6 8. Nb3 Nc6 9. Nfxd4 Nxd4 10. Nxd4 a6 11. Bb3 Qc7 12. Qf3 Bd6 13. h3 O-O 14. c3 b5 15. Qxa8 Bb7 16. Qa7 Bh2+ 17. Kh1 Bxg2+ 18. Kxg2 Qxa7 19. Kxh2 e5 20. Nf5 g6 21. Ng3 Qb7 22. Be3 Ne4 23. Rad1 Nxg3 24. fxg3 Kg7 25. Bc5 f5 26. Bxf8+ Kxf8 27. Bd5 Qc7 28. Bg2 Kg7 29. Rd5 h5 30. Rfd1 Kh6 31. h4 e4 32. Rd6 f4 33. Bxe4 fxg3+ 34. Kg2 Qc4 35. Rxg6+ Kh7 36. Rd7+ Kh8 37. Rh6+ Kg8 38. Bd5+ 1-0


[Site "https://www.chess.com"]

[Event "Titled Tuesday Blitz August 09 Early 2022"]
[White "Matlakov, Maxim"]
[Black "Ronka, Erik"]
[WhiteFideId "4168003"]
[BlackFideId "505080"]
[WhiteElo "2669"]
[BlackElo "2264"]
[Result "1-0"]
[Round "03"]
[TimeControl "180+1"]
[Date "2022.08.09"]
[WhiteClock "0:00:39"]
[BlackClock "0:00:08"]

1. b3 d5 2. Bb2 Bg4 3. f3 Bf5 4. e4 Bg6 5. Qe2 a6 6. exd5 Qxd5 7. Nc3 Qa5 8. h4 h6 9. Nh3 Nc6 10. O-O-O O-O-O 11. d3 e5 12. Kb1 Ba3 13. Nf2 Nf6 14. Nfe4 Bxb2 15. Kxb2 Nd5 16. Nxd5 Rxd5 17. Qe1 Qb6 18. h5 Bh7 19. g4 Nd4 20. Bg2 Ne6 21. Nc3 Ra5 22. Rh2 f6 23. Qg1 Nd4 24. f4 Rc5 25. Be4 Qa5 26. Qe1 Bxe4 27. Nxe4 Qxe1 28. Rxe1 Rd5 29. Rf2 exf4 30. Rxf4 Nc6 31. Ng3 Re5 32. Rfe4 Rhe8 33. Nf5 Rxe4 34. dxe4 Ne5 35. Nxg7 Rg8 36. Nf5 Nxg4 37. Ne7+ 1-0


[Site "https://www.chess.com"]

[Event "Titled Tuesday Blitz August 09 Early 2022"]
[White "McConnell, Griffin"]
[Black "Delaney, Killian"]
[WhiteFideId "30942551"]
[BlackFideId "2501570"]
[WhiteElo "2307"]
[BlackElo "2254"]
[Result "1-0"]
[Round "03"]
[TimeControl "180+1"]
[Date "2022.08.09"]
[WhiteClock "0:00:03"]
[BlackClock "0:00:02"]

1. e4 e6 2. Nf3 d5 3. e5 c5 4. g3 Nc6 5. Bg2 g5 6. h3 Bg7 7. d4 cxd4 8. Nxg5 Bxe5 9. O-O h6 10. Nf3 Bg7 11. Nbd2 Nge7 12. Nb3 e5 13. Re1 O-O 14. c3 d3 15. Nfd2 e4 16. Nf1 f5 17. Be3 Ng6 18. Qd2 Kh7 19. h4 f4 20. h5 fxe3 21. hxg6+ Kxg6 22. Nxe3 Ne5 23. Nd4 Kf7 24. f4 Nc6 25. Ndf5 Bxf5 26. Nxf5 Kg8 27. Nxg7 Kxg7 28. c4 Re8 29. cxd5 Qxd5 30. Qc3+ Kg8 31. Qf6 Qd4+ 32. Qxd4 Nxd4 33. Rxe4 d2 34. Rd1 Rxe4 35. Bxe4 Re8 36. Bd5+ Kg7 37. Rxd2 Nf5 38. Kf2 Ne3 39. Bf3 Nc4 40. Rd7+ Kf6 41. Rxb7 Rd8 42. Rxa7 Rd2+ 43. Kg1 Rxb2 44. Ra6+ Ke7 45. Ra7+ Kf6 46. Ra6+ Ke7 47. Ra7+ Kd6 48. Ra6+ Kd7 49. Rxh6 Nd2 50. Bg2 Rxa2 51. Kh2 Ke7 52. Rh7+ Kf6 53. Rh6+ Kg7 54. Rc6 Nf3+ 55. Kh3 Ne1 56. Be4 1-0


[Site "https://www.chess.com"]

[Event "Titled Tuesday Blitz August 09 Early 2022"]
[White "Melaugh, Shane"]
[Black "Machidon, Cristi"]
[WhiteFideId "2509580"]
[BlackFideId "13904590"]
[WhiteElo "1946"]
[BlackElo "2312"]
[Result "1-0"]
[Round "03"]
[TimeControl "180+1"]
[Date "2022.08.09"]
[WhiteClock "0:02:07"]
[BlackClock "0:00:11"]

1. c4 e5 2. Nc3 Nf6 3. Nf3 Nc6 4. e4 Bc5 5. Nxe5 Nxe5 6. d4 Bd6 7. c5 Bxc5 8. dxe5 Ng8 9. Qg4 Kf8 10. Qg3 d6 11. Bf4 Ne7 12. exd6 cxd6 13. O-O-O Be6 14. Bxd6 Qa5 15. Qg5 Rc8 16. Qxe7+ Kg8 17. Bxc5 1-0


[Site "https://www.chess.com"]

[Event "Titled Tuesday Blitz August 09 Early 2022"]
[White "Melikhov, Evgeny V."]
[Black "Concio, Michael Jr."]
[WhiteFideId "4122046"]
[BlackFideId "5217873"]
[WhiteElo "1963"]
[BlackElo "1896"]
[Result "0-1"]
[Round "03"]
[TimeControl "180+1"]
[Date "2022.08.09"]
[WhiteClock "0:00:22"]
[BlackClock "0:00:34"]

1. d4 Nf6 2. c4 e5 3. dxe5 Ng4 4. Bf4 Nc6 5. Nf3 Bb4+ 6. Nbd2 Qe7 7. e3 Ngxe5 8. Nxe5 Nxe5 9. Be2 c6 10. O-O O-O 11. Nb3 Bd6 12. Nd4 Bc7 13. Rc1 Re8 14. c5 d6 15. Qc2 dxc5 16. Qxc5 Qxc5 17. Rxc5 Nd7 18. Rc2 Bxf4 19. exf4 Nf6 20. Bf3 Bg4 21. Bxg4 Nxg4 22. g3 Rad8 23. Nf3 Rd3 24. Kg2 Rxf3 25. Kxf3 Nxh2+ 26. Kg2 Nxf1 27. Kxf1 h5 28. Kg2 Kh7 29. b4 Re7 30. Kf3 Kg6 31. Rc5 f6 32. b5 cxb5 33. Rxb5 b6 34. a4 Rc7 35. Rb4 Rc5 36. Rd4 Rc3+ 37. Kg2 Ra3 38. Rc4 Kh6 39. Rd4 Kg6 40. Rc4 Kf5 41. Rd4 Ke6 42. Re4+ Kd5 43. Re7 Rxa4 44. Rxg7 b5 45. Rb7 b4 46. Rb5+ Kc6 47. Rf5 b3 48. Rxf6+ Kc5 49. Rf5+ Kc4 50. Rxh5 b2 0-1


[Site "https://www.chess.com"]

[Event "Titled Tuesday Blitz August 09 Early 2022"]
[White "Melikyan, Gnel"]
[Black "Niyazgulova, Marina"]
[WhiteFideId "54109990"]
[BlackFideId "24142573"]
[WhiteElo "1772"]
[BlackElo "1986"]
[Result "1-0"]
[Round "03"]
[TimeControl "180+1"]
[Date "2022.08.09"]
[WhiteClock "0:01:40"]
[BlackClock "0:00:51"]

1. e4 d5 2. Bd3 dxe4 3. Bxe4 Nf6 4. Bf3 c6 5. d4 Bf5 6. Ne2 e6 7. O-O Bd6 8. Nd2 O-O 9. Nc4 Bc7 10. c3 Nbd7 11. Bf4 Bxf4 12. Nxf4 Qc7 13. Nd3 Rad8 14. Qe2 Bxd3 15. Qxd3 e5 16. Rad1 e4 17. Bxe4 Nc5 18. dxc5 Rxd3 19. Bxd3 b6 20. cxb6 axb6 21. Be2 h6 22. Bf3 Re8 23. Rfe1 Re2 24. Rxe2 1-0


[Site "https://www.chess.com"]

[Event "Titled Tuesday Blitz August 09 Early 2022"]
[White "Menezes, Christoph"]
[Black "Malek, Jan"]
[WhiteFideId "1617001"]
[BlackFideId "21864080"]
[WhiteElo "2368"]
[BlackElo "2143"]
[Result "0-1"]
[Round "03"]
[TimeControl "180+1"]
[Date "2022.08.09"]
[WhiteClock "0:00:02"]
[BlackClock "0:00:15"]

1. e4 e6 2. d4 d5 3. Nc3 Nf6 4. e5 Nfd7 5. Nce2 c5 6. f4 Nc6 7. c3 a5 8. Nf3 a4 9. a3 Be7 10. h4 b5 11. Kf2 Qb6 12. Be3 f6 13. Ng3 fxe5 14. dxe5 O-O 15. Kg1 d4 16. cxd4 cxd4 17. Nxd4 Nxd4 18. Bxd4 Bc5 19. Ne2 Bb7 20. Kh2 Rad8 21. Bxc5 Nxc5 22. Qc2 Be4 23. Qc3 Rd3 24. Qb4 Rb3 25. Qd4 Rd8 26. Qf2 Rxb2 27. Rc1 Rc8 28. Qd4 Rb3 29. Ng3 Bd5 30. f5 Rxg3 31. Rxc5 Rxc5 32. Kxg3 Qc7 33. Kh2 exf5 34. Bd3 Be6 35. Rf1 Qxe5+ 36. Qxe5 Rxe5 37. Rc1 b4 38. axb4 a3 39. Bc4 Bxc4 40. Rxc4 Re4 41. Rc8+ Kf7 42. Ra8 Rxh4+ 43. Kg3 Rg4+ 44. Kf3 Rxb4 45. Rxa3 Kg6 46. Ra6+ Kg5 47. Ra7 Rb3+ 48. Kf2 Kh6 49. Ra6+ g6 50. Kg1 Kg5 51. Kh2 h5 52. Ra4 h4 53. Ra6 Rg3 54. Ra8 f4 55. Ra6 Rb3 56. Ra5+ Kg4 57. Ra1 Rb2 58. Ra6 g5 59. Ra3 Rf2 60. Kg1 Re2 61. Kh2 Re3 62. Ra4 h3 63. g3 Re2+ 64. Kg1 Kxg3 65. Ra3+ f3 66. Ra4 Re1# 0-1


[Site "https://www.chess.com"]

[Event "Titled Tuesday Blitz August 09 Early 2022"]
[White "Mika, Tomasz"]
[Black "Floresvillar Gonzalez, Luis Migu"]
[WhiteFideId "1132970"]
[BlackFideId "5100542"]
[WhiteElo "2126"]
[BlackElo "2040"]
[Result "1-0"]
[Round "03"]
[TimeControl "180+1"]
[Date "2022.08.09"]
[WhiteClock "0:00:50"]
[BlackClock "0:00:01"]

1. c4 e6 2. g3 d5 3. Nf3 c6 4. Bg2 Bd6 5. b3 Nf6 6. Bb2 Nbd7 7. O-O Qe7 8. d3 O-O 9. Nbd2 b6 10. e4 e5 11. exd5 cxd5 12. Re1 Bb7 13. Nxe5 Nxe5 14. d4 Ne4 15. dxe5 Bb4 16. Bxe4 dxe4 17. a3 Bxd2 18. Qxd2 Rad8 19. Qc2 Rd7 20. Rad1 Rfd8 21. Rxd7 Qxd7 22. Re3 Qd1+ 23. Qxd1 Rxd1+ 24. Kg2 h6 25. h4 Kf8 26. Bc3 Rd3 27. Rxd3 exd3+ 28. Kf1 Bf3 29. Ke1 g6 30. Kd2 Be2 31. Bb4+ Ke8 32. Bd6 Kd7 33. b4 f6 34. Bb8 fxe5 35. Bxa7 Kc6 36. Bb8 e4 37. Bf4 h5 38. a4 Bg4 39. Be3 Be6 40. Kc3 Kc7 41. b5 Bg4 42. c5 bxc5 43. Bxc5 Bd7 44. Be3 Kd6 45. Kb4 Kd5 46. a5 Kd6 47. a6 Kc7 48. Kc5 Bc8 49. Bf4+ Kd7 50. Kb6 Ke6 51. a7 1-0


[Site "https://www.chess.com"]